 Dungeon Crawl Stone Soup version 0.26-a0-774-g1415c89e12 (webtiles) character file.

Game seed: 14928861314423544046

7857 Kinoniko the Fighter (level 11, 0/127 HPs)
             Began as an Ogre Monk on Nov 9, 2020.
             Was an Elder of Makhleb.
             Slain by a yak (1 damage)
             ... while petrified by a basilisk
             ... on level 1 of the Lair of Beasts.
             The game lasted 00:18:58 (15422 turns).

Kinoniko the Fighter (Ogre Monk)                   Turns: 15422, Time: 00:18:58

Health: 0/127      AC: 11    Str: 15    XL:     11   Next: 21%
Magic:  12/12      EV:  1    Int: 14    God:    Makhleb [****..]
Gold:   636        SH:  0    Dex: 16    Spells: 10/10 levels left

rFire    . . .     SeeInvis .   D - +2 battleaxe (flame)
rCold    . . .     Faith    +   (shield currently unavailable)
rNeg     + + +     Spirit   .   a - +1 robe of Free Will {Str-2 Int+3 Dex+2}
rPois    ∞         Reflect  .   (helmet restricted)
rElec    .         Harm     .   t - +2 cloak
rCorr    .         Rampage  .   (gloves unavailable)
MR       +....                  (boots unavailable)
Stlth    ++........             z - amulet of faith
HPRegen  0.31/turn              E - +4 ring of protection
MPRegen  0.13/turn              p - ring of poison resistance

@: petrified, frozen, very slow
A: large, unfitting armour, tough skin 1
a: Minor Destruction, Lesser Servant of Makhleb, Major Destruction, Renounce
Religion


You were on level 1 of the Lair of Beasts.
You worshipped Makhleb.
Makhleb was greatly pleased with you.
You visited 3 branches of the dungeon, and saw 12 of its levels.
You also visited: Bailey.

You collected 636 gold pieces.

Inventory:

Hand Weapons
 f - a +0 dire flail of protection
 j - a +0 battleaxe
 v - a +0 broad axe
 x - a +3 dire flail
 D - a +2 battleaxe of flaming (weapon)
Armour
 a - the +1 robe of Free Will (worn) {Str-2 Int+3 Dex+2}
   (You found it on level 7 of the Dungeon)

   It affects your strength (-2).
   It affects your intelligence (+3).
   It affects your dexterity (+2).
 b - a +1 robe
 q - +0 steam dragon scales
 t - a +2 cloak (worn)
Jewellery
 n - an uncursed ring of magical power
 p - a ring of poison resistance (right hand)
 r - an uncursed ring of poison resistance
 s - a +6 ring of strength
 u - a +6 ring of intelligence
 z - an amulet of faith (around neck)
 A - an uncursed ring of see invisible
 E - a +4 ring of protection (left hand)
 F - an uncursed ring of wizardry
Wands
 g - a wand of paralysis (18)
 k - a wand of polymorph (8)
 l - a wand of iceblast (2)
 w - a wand of digging (17)
 y - a wand of disintegration (9)
Scrolls
 d - 5 scrolls of teleportation
 i - 3 scrolls of amnesia
 m - 4 scrolls of remove curse
 o - 2 scrolls of magic mapping
 C - a scroll of blinking {unknown}
Potions
 c - 3 potions of heal wounds
 e - 2 potions of curing
 h - 4 potions of flight


   Skills:
 * Level 13.0 Fighting
 * Level 6.6(8.3) Axes
 - Level 7.1(8.2) Maces & Flails
 - Level 9.3 Dodging
 - Level 1.4 Stealth
 * Level 2.0 Invocations


You had 10 spell levels left.
You didn't know any spells.
Your spell library contained the following spells:

 Spells                   Type           Power        Failure   Level
 Summon Small Mammal      Summ           #...         28%         1
 Call Imp                 Summ           #.......     41%         2
 Call Canine Familiar     Summ           #.......     65%         3
 Summon Guardian Golem    Hex/Summ       #.......     65%         3
 Summon Ice Beast         Ice/Summ       #.......     96%         4
 Summon Lightning Spire   Summ/Air       #.......     96%         4


Dungeon Overview and Level Annotations

Branches:
Dungeon (10/15)            Temple (1/1) D:5            Lair (1/6) D:10
 Bailey (visited)
    Orc: D:9-12

Altars:
Ashenzari
Cheibriados
Dithmenos
Elyvilon
Fedhas
Gozag
Hepliaklqana
Kikubaaqudgha
Makhleb
Nemelex Xobeh
Okawaru
Qazlal
Ru
Sif Muna
Trog
Uskayaw
Vehumet
Wu Jian
Xom
Yredelemnul
Zin
The Shining One

Shops:
D:4 (*[   D:7 }[

Annotations:
D:3 2 runed translucent doors, Ozzies's ghost, amateur GrFi


Innate Abilities, Weirdness & Mutations

You are too large for most types of armour.
You have tough skin. (AC +1)


Message History

* * * LOW HITPOINT WARNING * * *
The rime drake bites you but does no damage.
The basilisk gazes at you.
You easily resist.
The water moccasin bites you.
* * * LOW HITPOINT WARNING * * *
The yak gores you but does no damage. The black bear bites you.
* * * LOW HITPOINT WARNING * * *
The black bear claws you but does no damage. x2
The water moccasin bites you but does no damage.
The yak gores you!
* * * LOW HITPOINT WARNING * * *
The rime drake bites you but does no damage.
The yak gores you.
* * * LOW HITPOINT WARNING * * *
The basilisk bites you!
* * * LOW HITPOINT WARNING * * *
The water moccasin bites you.
* * * LOW HITPOINT WARNING * * *
The yak gores you.
You die...

...........## #........
...........$ #.......?
..........# .........
........÷.## ### #........
.........÷.###.###....(...
..........#...#........!..
..........#...............
..#.......lSY.............
...........@YY............
..........kYh.............
........<............^/...
..........................
...bb................$.[.
.......##................
......##.................
........................
.......................


You could see 4 yaks, a basilisk, a rime drake, a water moccasin and a black
bear.

Vanquished Creatures
  A hydra (Lair:1)
  An unseen horror (D:10)
  A cane toad (Lair:1)
  Maggie (D:6)
  A komodo dragon (D:10)
  Grinder (D:6)
  Prince Ribbit (D:6)
  A hornet (D:10)
  Sigmund (D:6)
  A yak (Lair:1)
  2 wyverns
  Edmund (D:4)
  A steam dragon (D:10)
  Menkaure (D:5)
  5 water moccasins
  2 ice beasts
  5 orc warriors
  2 black bears
  A sky beast (D:9)
  2 phantoms (D:9)
  3 ogres (D:5)
  A centaur (D:8)
  6 bullfrogs
  A water moccasin skeleton (D:5)
  3 killer bees (D:7)
  2 scorpions
  5 wights
  An electric eel (D:6)
  A howler monkey (D:10)
  A bullfrog zombie (D:10)
  Crazy Yiuf (D:5)
  2 hounds
  9 orc priests
  7 orc wizards
  2 bullfrog skeletons
  An iguana (D:9)
  8 worker ants
  A killer bee zombie (D:6)
  A hound zombie (D:9)
  A hound skeleton (D:5)
  A howler monkey zombie (D:5)
  A worker ant zombie (D:7)
  12 gnolls
  12 adders
  3 shadow imps
  3 white imps
  3 ufetubi
  An ooze (D:1)
  2 adder skeletons (D:5)
  6 worms
  2 dart slugs
  8 leopard geckos
  32 orcs
  4 giant cockroaches
  18 goblins
  4 hobgoblins
  16 jackals
  8 kobolds
  3 quokkas
  2 ball pythons (D:1)
  5 bats
  3 frilled lizards
  3 leopard gecko skeletons
  A leopard gecko zombie (D:9)
  9 rats
251 creatures vanquished.

Vanquished Creatures (others)
  An adder (D:6)
  7 plants (D:10)
8 creatures vanquished.

Grand Total: 259 creatures vanquished

Notes
Turn   | Place    | Note
-------+----------+-------------------------------------------
     0 | D:1      | Kinoniko the Ogre Monk began the quest for the Orb.
     0 | D:1      | Reached XP level 1. HP: 24/24 MP: 1/1
   155 | D:1      | Reached XP level 2. HP: 15/32 MP: 2/2
   564 | D:1      | Reached XP level 3. HP: 15/40 MP: 3/3
  1451 | D:2      | Reached XP level 4. HP: 41/49 MP: 4/4
  1517 | D:2      | Reached skill level 5 in Fighting
  2202 | D:2      | Found a white marble altar of Elyvilon.
  2203 | D:2      | Found a shadowy altar of Dithmenos.
  2519 | D:3      | Found a faded altar of an unknown god.
  2532 | D:3      | Reached XP level 5. HP: 28/57 MP: 5/5
  3200 | D:3      | Found a large runed translucent door.
  3202 | D:3      | Found a large runed translucent door.
  3208 | D:3      | Noticed Ozzies's ghost (amateur GrFi)
  4170 | D:4      | Found Joppeuraill's Antique Weapon Boutique.
  4207 | D:4      | Reached XP level 6. HP: 50/67 MP: 6/6
  4449 | D:4      | Reached skill level 6 in Fighting
  4449 | D:4      | Reached skill level 1 in Maces & Flails
  4843 | D:4      | Found Zohixt's General Store.
  4913 | D:4      | Noticed Edmund
  4933 | D:4      | Killed Edmund
  5421 | D:4      | Found Foefoeg's Antique Armour Boutique.
  5645 | D:5      | Entered Level 5 of the Dungeon
  5687 | D:5      | Reached XP level 7. HP: 76/76 MP: 7/7
  5890 | D:5      | Reached skill level 7 in Fighting
  5896 | D:5      | Reached skill level 5 in Dodging
  6062 | D:5      | Found a staircase to the Ecumenical Temple.
  6079 | Temple   | Entered the Ecumenical Temple
  6310 | Temple   | Became a worshipper of Makhleb the Destroyer
  6310 | Temple   | Reached * piety under Makhleb
  6310 | Temple   | Reached ** piety under Makhleb
  6553 | D:5      | Found a shimmering altar of Xom.
  6774 | D:5      | Reached XP level 8. HP: 88/88 MP: 8/8
  6783 | D:5      | Found a runed translucent door.
  6784 | D:5      | Noticed Crazy Yiuf
  6798 | D:5      | Noticed Menkaure
  6806 | D:5      | Killed Menkaure
  6806 | D:5      | Reached skill level 8 in Fighting
  7246 | D:5      | Killed Crazy Yiuf
  7500 | D:6      | Found a snail-covered altar of Cheibriados.
  7689 | D:6      | Noticed Sigmund
  7751 | D:6      | Killed Sigmund
  7885 | D:6      | Found an ornate altar of the Wu Jian Council.
  7905 | D:6      | Noticed Maggie
  7905 | D:6      | Noticed Grinder
  7928 | D:6      | Reached skill level 9 in Fighting
  7940 | D:6      | Paralysed by Grinder for 5 turns
  8173 | D:6      | Killed Grinder
  8173 | D:6      | Reached skill level 5 in Maces & Flails
  8173 | D:6      | Reached XP level 9. HP: 98/98 MP: 9/9
  8205 | D:6      | Killed Maggie
  8381 | D:6      | Noticed Prince Ribbit
  8454 | D:6      | Killed Prince Ribbit
  8621 | D:6      | Reached skill level 10 in Fighting
  9303 | D:7      | Found Loucu's Gadget Boutique.
  9327 | D:7      | Found a hide-covered altar of Uskayaw.
  9377 | D:7      | Found Zusmanir's Armour Shop.
 10150 | D:7      | Got a fine robe
 10161 | D:7      | Identified the cursed +1 robe of Free Will {Str-2 Int+3
                  | Dex+2} (You found it on level 7 of the Dungeon)
 11123 | D:8      | Found a shimmering altar of Xom.
 11143 | D:8      | Reached skill level 11 in Fighting
 11143 | D:8      | Reached XP level 10. HP: 82/113 MP: 10/10
 11346 | D:8      | Found a flagged portal.
 11367 | Bailey   | Entered a bailey
 11426 | D:8      | Reached *** piety under Makhleb
 12979 | D:10     | Entered Level 10 of the Dungeon
 13553 | D:10     | Killed an unseen horror
 13604 | D:10     | Reached skill level 12 in Fighting
 13604 | D:10     | Reached skill level 5 in Axes
 13653 | D:10     | Reached **** piety under Makhleb
 13901 | D:10     | Found a staircase to the Lair.
 14801 | Lair:1   | Entered Level 1 of the Lair of Beasts
 14808 | Lair:1   | Noticed a cane toad
 14811 | Lair:1   | Reached XP level 11. HP: 106/124 MP: 11/11
 15048 | Lair:1   | Noticed a seven-headed hydra
 15058 | Lair:1   | Killed a four-headed hydra
 15058 | Lair:1   | Reached skill level 1 in Invocations
 15069 | Lair:1   | Reached skill level 13 in Fighting
 15421 | Lair:1   | HP: 1/127 [basilisk (8)]
 15422 | Lair:1   | Slain by a yak

Illustrated notes

Levels and vault maps discovered:
D:1:      lightli_arrival_farm, layout_basic, minmay_misc_feat_five
D:2:      layout_loops_cross, gammafunk_temple_overflow_statue,
          chequers_serial_rivers_room_b
D:3:      layout_rooms, ebering_ghost_disaster_area,
          chequers_ecumenical_altar_island
D:4:      layout_basic, serial_shops, nicolae_shop_trees, shop, shop,
          fountainhead, minmay_increasing_density, uniq_edmund
D:5:      layout_gridville, minmay_temple_entry_drinking_statues,
          cheibrodos_sewer_entry_bend, lemuel_tele_altar,
          uniq_crazy_yiuf_cottage, uniq_menkaure
D:6:      layout_cave_pools, cheibriados_altar_1, lemuel_round_altar,
          kennysheep_opposing_triangles, uniq_maggie, uniq_grinder,
          uniq_sigmund, uniq_prince_ribbit1
D:7:      layout_basic, old_standard_altar, serial_shops, shop_statue, shop,
          grunt_decor_fettered
D:8:      layout_gridville, old_standard_altar, enter_bailey_3,
          minmay_misc_feat_nine_boxes, corexii_checkpoint_b
D:9:      layout_roguey
D:10:     layout_long_grid, david_lair_shrubbed
Temple:   lightli_temple_of_artemis
Lair:1:   layout_cave_shapes, beast_lair_carwin_10, lemuel_fruit_fields

Skill      XL: |  1  2  3  4  5  6  7  8  9 10 11 |
---------------+----------------------------------+-----
Dodging        | 3 4 5 6 7 9 |  9.3
Fighting       | 5 6 7 9 11 12 13 | 13.0
Axes           | 4 6 |  6.6
Maces & Flails | 2 3 5 6 7 |  7.1
Invocations    | 2 |  2.0
Stealth        | |  1.4

Action                   |  1- 3 |  4- 6 |  7- 9 | 10-12 || total
-------------------------+-------+-------+-------+-------++-------
Melee: Hand axe          |   124 |   112 |       |       ||   236
       Flail             |       |    78 |       |       ||    78
       Dire flail        |       |    21 |   410 |    75 ||   506
       Unarmed           |       |       |     6 |       ||     6
       Broad axe         |       |       |    21 |       ||    21
       Battleaxe         |       |       |       |   156 ||   156
Evoke: Wand              |       |       |       |     1 ||     1
  Use: Scroll            |     4 |     8 |     9 |     7 ||    28
       Potion            |       |     4 |     6 |     4 ||    14
 Stab: Sleeping          |     2 |     4 |     1 |     3 ||    10
       Invisible         |       |     4 |       |       ||     4
Armor: Robe              |    34 |    54 |    91 |   116 ||   295
       Skin              |       |     8 |   144 |       ||   152
       Steam dragon scal |       |       |    56 |       ||    56
Dodge: Dodged            |    83 |   142 |   279 |   231 ||   735

Table legend: (Time is in decaauts)
 A = Elapsed time spent in this place.
 B = Non-inter-level travel time spent in this place.
 C = Inter-level travel time spent in this place.
 D = Time resting spent in this place.
 E = Time spent auto-exploring this place.
 F = Levels seen in this place.
 G = Mean time per level.
                   A        B        C        D        E       F      G
               +--------+--------+--------+--------+--------+-----+--------+
         Total |  15558 |  15100 |    458 |   5888 |   6930 |  13 | 1196.8 |
       Dungeon |  14980 |  14538 |    442 |   5674 |   6689 |  10 | 1498.0 |
        Temple |    245 |    229 |     16 |      0 |    226 |   1 |  245.0 |
          Lair |    327 |    327 |      0 |    214 |     15 |   1 |  327.0 |
        Bailey |      4 |      4 |      0 |      0 |      0 |   1 |    4.0 |
               +--------+--------+--------+--------+--------+-----+--------+

Top non-repeatable levels by time:
     D:3: 2169 daAuts
     D:6: 1757 daAuts
    D:10: 1745 daAuts
     D:7: 1613 daAuts
     D:9: 1551 daAuts
     D:5: 1477 daAuts
     D:1: 1365 daAuts
     D:4: 1287 daAuts
     D:8: 1100 daAuts
     D:2: 912 daAuts
  Lair:1: 327 daAuts
  Temple: 245 daAuts
  Bailey: 4 daAuts
